 Dungeon Crawl Stone Soup version 0.29.1-1-gd02db6906a (webtiles) character file.

Game seed: 16334605376420210484

18 LustLizard the Trooper (level 2, -7/27 HPs)
             Began as a Hill Orc Fighter on Oct 18, 2022.
             Killed by nerve-wracking pain
             ... invoked by Jessica
              (9 damage)
             ... on level 1 of the Dungeon.
             The game lasted 00:01:15 (868 turns).

LustLizard the Trooper (Hill Orc Fighter)            Turns: 868, Time: 00:01:16

Health: -7/27      AC:  6    Str: 18    XL:     2   Next: 70%
Magic:  2/2        EV:  9    Int:  8    God:
Gold:   12         SH:  4    Dex: 10    Spells: 1/1 levels left

rFire   . . .      SeeInvis .   a - +0 war axe
rCold   . . .      Faith    .   c - +0 buckler
rNeg    . . .      Spirit   .   b - +0 scale mail
rPois   .          Reflect  .   (no helmet)
rElec   .          Harm     .   (no cloak)
rCorr   .          Rampage  .   (no gloves)
Will    .....                   (no boots)
Stlth   ..........              (no amulet)
HPRegen 0.09/turn               (no ring)
MPRegen 0.08/turn               (no ring)

@: no status effects
A: no striking features
a: no special abilities


You were on level 1 of the Dungeon.
You visited 1 branch of the dungeon, and saw 2 of its levels.

You collected 56 gold pieces.
You spent 44 gold pieces at shops.

Inventory:

Hand Weapons
 a - a +0 war axe (weapon)
Armour
 b - a +0 scale mail (worn)
 c - a +0 buckler (worn)
Scrolls
 g - a scroll of immolation {unknown}
 h - 2 scrolls of vulnerability {unknown}
 k - a scroll of identify {unknown}
Potions
 d - a potion of might
 e - 2 potions of curing {unknown}
 f - a potion of haste {unknown}
 i - a potion of flight {unknown}
 j - 2 potions of attraction {unknown}


   Skills:
 + Level 4.0 Fighting
 * Level 3.8 Axes
 - Level 3.2 Armour
 - Level 3.2 Shields


You had one spell level left.
You didn't know any spells.
Your spell library was empty.

Dungeon Overview and Level Annotations

Branches:
Dungeon (2/15)

Altars:

Shops:
D:1 *

Annotations:
D:1 Jessica
D:2 Sigmund


Message History

Done exploring.
You see here a +0 club.
There is an entrance to Ximp's Assorted Antiques here.
j - 2 bubbling black potions (gained 1) Thank you for shopping at Ximp's Assorted Antiques!
You can access your shopping list by pressing '$'.
You see here a +0 club.
There is a stone staircase leading down here.
You climb downwards.
Sigmund shouts!
Jessica shouts!
Found a robe.
There is a stone staircase leading up here.
There are monsters nearby!
Sigmund completely misses you.
Jessica grins evilly.
Jessica closely misses you.
You climb upwards.
There is a stone staircase leading down here.
You barely miss Jessica. Jessica gestures at you while chanting.
Pain shoots through your body!
Ouch! That really hurt!
You closely miss Jessica. Jessica hits you with a +0 club.
* * * LOW HITPOINT WARNING * * *
You closely miss Jessica. Jessica hits you with a +0 club.
* * * LOW HITPOINT WARNING * * *
Jessica mumbles some strange words.
Jessica blinks!
Jessica shouts, "I don't like beings like you!"
There is a stone staircase leading down here.
Jessica gestures wildly while chanting.
Jessica blinks!
You see here a +0 club.
Jessica mumbles something strange.
Jessica casts a spell at you. Pain shoots through your body!
* * * LOW HITPOINT WARNING * * *
Jessica casts a spell at you. Pain shoots through your body!
You die...

#)# #@###.#.###.......#
#.###.# ##.## ####.#..#
...##.# ### #.#..#
......## #.#..#
...#..@##### #.#..#
#.##.....@.# #.#..#
#.##...###.# ##....##
#.###### #.######......##
#.########.#....@.......#
#..........@.####......##
##########.### ##....## #
########.# #.#.## #
#>.......# #.#.# #
#.######## #)#.# ###.##
#.#.#
##...#############.#.#
...#...^...........#.#


You could see Jessica.

Vanquished Creatures
  3 endoplasms (D:1)
  3 goblins (D:1)
  A hobgoblin (D:1)
  3 kobolds (D:1)
  A quokka (D:1)
  3 ball pythons (D:1)
  A rat (D:1)
15 creatures vanquished.

Notes
Turn   | Place    | Note
-------+----------+-------------------------------------------
     0 | D:1      | LustLizard the Hill Orc Fighter began the quest for the
                  | Orb.
     0 | D:1      | Reached XP level 1. HP: 19/19 MP: 1/1
    92 | D:1      | Found Ximp's Assorted Antiques.
    97 | D:1      | Reached XP level 2. HP: 24/27 MP: 2/2
   126 | D:1      | Bought a blue potion for 22 gold pieces
   534 | D:1      | Reached skill level 4 in Fighting
   778 | D:1      | Bought a bubbling black potion for 22 gold pieces
   802 | D:2      | Noticed Sigmund
   802 | D:2      | Noticed Jessica
   852 | D:1      | HP: 1/27 [Jessica/nerve-wracking pain (8)]
   868 | D:1      | Killed from afar by Jessica

Illustrated notes

Levels and vault maps discovered:
D:1:      lemuel_arrival_behind_the_door_large, layout_loops_ring, serial_shops,
          nicolae_shop_stone
D:2:      layout_loops_ring, serial_shops, nicolae_shop_behind_doors,
          chequers_serial_rivers_room_b, minmay_worlds_worst_comb, uniq_sigmund,
          uniq_jessica

Skill      XL: |  1  2 |
---------------+-------+-----
Axes           | 3 |  3.8
Fighting       | 4 |  4.0
Armour         | |  3.2
Shields        | |  3.2

Action                   || total
-------------------------++-------
Melee: War axe           ||    29
Armor: Scale mail        ||     4
Dodge: Dodged            ||    12
Block: Buckler           ||     7
